 Dungeon Crawl Stone Soup version 0.32-a0-328-gd8048dd28f (webtiles) character file.

Game seed: 8693189097615219753

106682 kae the Mimic (level 15, -70/162 HPs)
             Began as a Demonspawn Shapeshifter on Feb 16, 2024.
             Was the Champion of Qazlal.
             Annihilated by a titanic slime creature (87 damage)
             ... on level 15 of the Dungeon.
             The game lasted 00:31:12 (28147 turns).

kae the Mimic (Demonspawn Shapeshifter)            Turns: 28147, Time: 00:31:12

Health: -70/162    AC: 14    Str: 19    XL:     15   Next: 98%
Magic:  0/21       EV: 20    Int: 11    God:    Qazlal [******]
Gold:   2985       SH:  8    Dex: 26    Spells: 14/14 levels left

rFire   + .          .
                       - Unarmed
rCold   . . .        (shield currently unavailable)
rNeg    . . .        a - melded +0 animal skin
rPois   +            e - melded +2 hat {Will+}
rElec   .            (cloak currently unavailable)
rCorr   .            (gloves unavailable)
SInv    .            p - melded +1 pair of boots
Will    +....        g - amulet of regeneration
Stlth   +            F - ring of protection from fire
HPRegen 1.27/turn    D - +6 ring of dexterity
MPRegen 0.34/turn

%: repel missiles, guardian spirit
@: snake-form, protected from physical damage
A: constrict, boosted hp, large, demonic guardian 1, robust 1, magic shield,
magic regeneration, (sharp scales 2), (demonic touch 3)
a: Begin Untransformation, Renounce Religion, Upheaval, Elemental Force,
Disaster Area


You were on level 15 of the Dungeon.
You worshipped Qazlal.
Qazlal was exalted by your worship.
You were an enormous serpent.
You visited 4 branches of the dungeon, and saw 23 of its levels.
You also visited: Bailey.

You collected 3954 gold pieces.
You spent 969 gold pieces at shops.


Innate Abilities, Weirdness & Mutations

You are an enormous serpent.
You have a powerful constriction melee attack.
Your maximum health is increased.
Your armour is entirely melded.
You are incapable of wielding weapons or throwing items.
A weak demonic guardian rushes to your aid.
You are robust. (+10% HP)
When hurt, damage is shared between your health and your magic reserves.
You regenerate magic rapidly.
((You are mostly covered in razor-sharp scales. (AC +2, Slay +2)))
((Your touch may irresistibly damage your foes and sap their willpower.))


   Skills:
 - Level 13.0 Fighting
 - Level 12.0 Dodging
 + Level 12.4 Unarmed Combat
 + Level 9.1 Invocations
 - Level 10.0 Evocations
 * Level 13.1 Shapeshifting


You had 14 spell levels left.
You didn't know any spells.
Your spell library contained the following spells:

 Spells                   Type           Power      Damage    Failure   Level
 Magic Dart               Conj           0%         1d3       34%         1
 Sandblast                Erth           0%         2d4       34%         1
 Searing Ray              Conj           0%         2d4       47%         2
 Inner Flame              Hex/Fire       0%         N/A       71%         3
 Passwall                 Erth           0%         N/A       71%         3
 Stone Arrow              Conj/Erth      0%         3d7       71%         3
 Brom's Barrelling Bould  Conj/Erth      0%         2d3       98%         4
 Flame Wave               Conj/Fire      0%         2d4       98%         4
 Fulminant Prism          Conj/Alch      0%         3d5       98%         4
 Sticky Flame             Fire/Alch      0%         2d4       98%         4
 Sculpt Simulacrum        Ice/Alch       0%         N/A       100%        6
 Ozocubu's Refrigeration  Ice            0%         4d7       100%        7
 Polar Vortex             Ice            0%         N/A       100%        9

Inventory:

Missiles
 q - 12 stones (quivered)
Armour
 a - a +0 animal skin (melded)
 e - a +2 hat of willpower (melded)
   (You acquired it in a bailey)
 p - a +1 pair of boots (melded)
   (You found it on level 7 of the Dungeon)
Magical Staves
 M - a staff of cold {!a}
   (You found it on level 2 of the Lair of Beasts)
 O - the staff of Darkness {^Fragile rN+ Int+7 SInv Necro, !a}
   (You found it on level 2 of the Lair of Beasts)

   [staff of death]

   Base accuracy: +5 Base damage: 5 Base attack delay: 1.2 This weapon's minimum
   attack delay (0.6) is reached at skill level 12.
   Int+7:     It affects your intelligence (+7).
   rN+:       It protects you from negative energy.
   SInv:      It lets you see invisible.
   ^Fragile:  It will be destroyed if unequipped.
   Necro:     It increases the power of your Necromancy spells.
   It falls into the 'Staves' category.
   It is a one-handed weapon.
 V - a staff of conjuration {!a}
   (You found it on level 13 of the Dungeon)
Jewellery
 g - an amulet of regeneration (around neck)
   (You found it on level 5 of the Lair of Beasts)
 v - a ring of see invisible
   (You found it on level 13 of the Dungeon)
 A - an amulet of the acrobat
   (You found it on level 9 of the Dungeon)
 C - a ring of ice
   (You found it on level 1 of the Dungeon)
 D - a +6 ring of dexterity (right hand)
   (You found it on level 10 of the Dungeon)
 F - a ring of protection from fire (left hand)
   (You found it on level 9 of the Dungeon)
 I - an amulet of magic regeneration
   (You found it on level 1 of the Lair of Beasts)
 N - a ring of positive energy
   (You found it on level 4 of the Lair of Beasts)
 R - an amulet of reflection
   (You found it on level 5 of the Lair of Beasts)
Talismans
 c - a beast talisman
 d - a flux talisman
 f - a granite talisman
   (You took it off Roxanne on level 14 of the Dungeon)
 r - a serpent talisman (active)
   (You bought it in a shop on level 2 of the Orcish Mines)
 Z - a maw talisman
   (You bought it in a shop on level 2 of the Orcish Mines)
Wands
 j - a wand of iceblast (16)
   (You took it off Pikel on level 5 of the Dungeon)
 l - a wand of digging (5)
   (You found it on level 14 of the Dungeon)
 w - a wand of paralysis (23)
   (You found it on level 8 of the Dungeon)
 z - a wand of flame (83)
   (You took it off a hobgoblin on level 7 of the Dungeon)
 K - a wand of polymorph (2)
   (You found it on level 4 of the Lair of Beasts)
 Y - a wand of quicksilver (4)
   (You found it on level 13 of the Dungeon)
Scrolls
 h - 3 scrolls of vulnerability {!r!r}
 m - 10 scrolls of identify {@r1}
 s - 5 scrolls of enchant weapon
 x - a scroll of silence {!r}
 y - 6 scrolls of teleportation {@r4}
 J - 3 scrolls of poison
 L - 3 scrolls of fog
 Q - 2 scrolls of enchant armour
 S - 2 scrolls of blinking {!r}
 T - 4 scrolls of immolation {!r!r}
 U - a scroll of torment {!r}
 X - 2 scrolls of fear
Potions
 b - 6 potions of lignification {!q}
 i - 7 potions of curing {@q1}
 k - 4 potions of ambrosia
 n - 4 potions of enlightenment
 o - 6 potions of mutation {!q}
 t - 3 potions of haste {@q3}
 u - 6 potions of attraction {!q}
 B - 4 potions of invisibility
 G - a potion of resistance
 H - 2 potions of might
 W - 3 potions of heal wounds {@q2}

Dungeon Overview and Level Annotations

Branches:
Dungeon (15/15) Zot: 26360  Temple (1/1) D:6 Zot: 5968    Lair (5/5) D:11 Zot: 21556
 Shoals (0/4) Lair:3       Spider (0/4) Lair:3        Slime (0/5) Lair:4
    Orc (2/2) D:9 Zot: 9710     Elf (0/3) Orc:2        Vaults (0/5) D:14
 Depths (0/4) D:15         Bailey (visited)

Altars:
Ashenzari
Cheibriados
Dithmenos
Fedhas
Gozag
Hepliaklqana
Kikubaaqudgha
Makhleb
Nemelex Xobeh
Okawaru
Qazlal
Ru
Sif Muna
Trog
Uskayaw
Vehumet
Wu Jian
Xom
Yredelemnul

Shops:
D:2 *   D:6 *   Orc:2 *!=[=*:!

Portals:
Hell: Lair:5

Annotations:
D:3 3 runed translucent doors, Nebesus's ghost, amateur AtFi
D:4 1 runed translucent door, exclusion: orc, Crazy Yiuf; Edmund
D:6 2 runed translucent doors, avgcrawlenjoyer's ghost, weakling DsDe
D:8 2 transporters, shadizar's ghost, novice DjFE
D:12 3 runed translucent doors, exclusion: obsidian statue, senseless's ghost, journeyman MDFi

...♣...≈~≈....####.....P.>....
.. ♣♣....................P..ß.
. ♣♣.....#.######Pß.........
♣♣#####...# #........... ###.#
#..........P #.# ###..........
#.# #..........P. ####.#
#.....##.##.. #JJS5#
#.....##..... #.####
#.....#####.# # #.....# #..
####### #.# #.. ### # # #


You could see a titanic slime creature (ally target), a slime creature and a
friendly ufetubus (summoned).


Message History

You lost 1 mp, and now have 19/21 mp.
You barely miss the manticore. You constrict the manticore.
The manticore bites you but does no damage.
The manticore misses you. The manticore closely misses you.
You hit the manticore.
You constrict the manticore. 😕 HP[+2] MP[+1]
You regained 2 hp, and now have 141/162 hp.
Unknown command.
A manticore is nearby!
Unknown command.
A manticore is nearby!
You hit the manticore. You constrict the manticore.
You kill the manticore!
Qazlal accepts your kill.
No target in view! 😕 HP[+1] No target in view!
No target in view!
Unknown command.
Key pressed, stopping explore.
Your protection from physical attacks is fading.
You feel less protected from physical attacks.
A slime creature comes into view. 😎 HP[+20] MP[+1]
Your hp is fully restored (162).
Your mp is fully restored (21).
A slime creature is nearby!
A slime creature is nearby!
A slime creature is nearby!
A slime creature is nearby!
A slime creature comes into view.
You hit the slime creature but do no damage.
The slime creature hits you!
Two slime creatures merge to form a large slime creature.
A slime creature comes into view.
You hit the large slime creature but do no damage. 😕 HP[-11] MP[-1]
You take 11 damage, and now have 151/162 hp.
You lost 1 mp, and now have 20/21 mp.
You lash the large slime creature!
Two slime creatures merge to form a very large slime creature.
You lash the very large slime creature! 😕 HP[+2] MP[+1]
You regained 2 hp, and now have 153/162 hp.
Your mp is fully restored (21).
Unknown command.
You lash the very large slime creature!
The very large slime creature hits you!!
You feel protected from physical attacks.
You body-slam the very large slime creature!!
The very large slime creature hits you but does no damage.
A slime creature comes into view. 😕 HP[-29] MP[-4]
You take 29 damage, and now have 124/162 hp.
You lost 4 mp, and now have 17/21 mp.
You hit the very large slime creature.
The very large slime creature barely misses you.
You lash the very large slime creature!
Two slime creatures merge to form an enormous slime creature.
A slime creature comes into view.
You body-slam the enormous slime creature!! 😕 HP[+3] MP[+1]
You regained 3 hp, and now have 127/162 hp.
Unknown command.
You body-slam the enormous slime creature!!
Two slime creatures merge to form a titanic slime creature.
A slime creature comes into view. 😕 HP[+1]
You body-slam the titanic slime creature!! 😕 HP[+1] Unknown command.
You hit the titanic slime creature. 😕 HP[+1] Unknown command.
You body-slam the titanic slime creature!!
The titanic slime creature completely misses you. 😕 HP[+1] MP[+1] Unknown command.
You hit the titanic slime creature.
The titanic slime creature barely misses you. 😕 HP[+1]
You lash the titanic slime creature! The titanic slime creature hits you!!!
* * * LOW HITPOINT WARNING * * *
A demonic guardian appears! 😨 HP[-51] MP[-7]
You take 51 damage, and now have 81/162 hp.
MASSIVE DAMAGE!! (PAUSE)
You lost 7 mp, and now have 12/21 mp.
You completely miss the titanic slime creature.
The titanic slime creature hits you!!!!
* * * LOW HITPOINT WARNING * * *
😱 HP[-66] MP[-10]
You take 66 damage, and now have 15/162 hp.
MASSIVE DAMAGE!! (PAUSE)
You lost 10 mp, and now have 2/21 mp.
You body-slam the titanic slime creature!! 😱 HP[+1] MP[+1] Unknown command.
You hit the titanic slime creature. The titanic slime creature hits you!!!!
Ouch! That really hurt!
You die...

Skill      XL: |  1  2  3  4  5  6  7  8  9 10 11 12 13 14 15 |
---------------+----------------------------------------------+-----
Shapeshifting  | 3 4 5 6 7 8 9 10 11 12 13 | 13.1
Dodging        | 2 3 4 5 6 8 9 10 11 12 | 12.0
Unarmed Combat | 3 5 6 7 8 9 10 11 12 | 12.4
Fighting       | 3 4 6 7 8 9 11 12 13 | 13.0
Evocations     | 3 5 6 8 9 10 | 10.0
Invocations    | 6 9 |  9.1

Action                     |  1- 3 |  4- 6 |  7- 9 | 10-12 | 13-15 || total
---------------------------+-------+-------+-------+-------+-------++-------
  Melee: Unarmed           |    76 |   161 |   254 |   762 |  1105 ||  2358
         Punch             |     2 |     3 |       |       |    11 ||    16
         Touch             |    12 |    25 |    73 |   175 |   233 ||   518
         Maw               |       |       |       |       |    62 ||    62
         Constrict         |       |       |       |       |    40 ||    40
 Invoke: Upheaval          |       |       |       |     4 |     4 ||     8
         Elemental Force   |       |       |       |       |     3 ||     3
         Disaster Area     |       |       |       |       |     2 ||     2
  Evoke: Wand              |       |       |     3 |     6 |     1 ||    10
    Use: Scroll            |       |     7 |     8 |     8 |    10 ||    33
         Potion            |       |     4 |     2 |     5 |     4 ||    15
   Stab: Sleeping          |     3 |     4 |       |       |       ||     7
         Invisible         |       |     7 |       |       |       ||     7
         Distracted        |       |       |       |       |     2 ||     2
 Armour: Animal skin       |    45 |    41 |       |       |       ||    86
         Skin              |       |   103 |   109 |   267 |   490 ||   969
  Dodge: Dodged            |    59 |    88 |   171 |   638 |  1066 ||  2022
         Repelled          |       |       |       |     1 |     8 ||     9
  Block: Other             |       |       |       |   118 |   305 ||   423
   Form: Flux              |       |     1 |       |       |       ||     1
         Serpent           |       |       |       |       |     1 ||     1
         Maw               |       |       |       |       |     1 ||     1

Levels and vault maps discovered:
D:1:      kennysheep_arrival_seaside, layout_basic,
          ebering_ecumenical_altar_mist, minmay_misc_feat_roman
D:2:      layout_basic, serial_shops, nicolae_shop_rolling_square
D:3:      layout_basic, serial_corexii_hall, chequers_hall_statues_wall_a,
          corexii_hall_statues_l, corexii_hall_statues_s, gammafunk_ghost_split
D:4:      layout_basic, mainiacjoe_overflow_tiny_flanked,
          nicolae_uskayaw_dance_hall, kennysheep_cross_bottleneck,
          amcnicky_mini_rare_corridor_liquid, uniq_edmund,
          uniq_crazy_yiuf_cottage
D:5:      layout_rooms, fedhas_altar_1, uniq_blork_the_orc
D:6:      layout_basic, mainiacjoe_overflow_surrounded_room,
          minmay_temple_entry_ruins, ebering_ghost_sewer_f, serial_shops,
          nicolae_shop_peninsula, roderic_lattice_a, uniq_pikel
D:7:      layout_basic, vehumet_altar_wand_db, minmay_ruined_shrine,
          uniq_jeremiah, uniq_menkaure
D:8:      layout_cave_pools, enter_bailey_3, gammafunk_ghost_wrathful_warriors
D:9:      layout_roguey, gammafunk_temple_overflow_pools, orc_0_dummy,
          minmay_fractal_squares_diagonal_5
D:10:     kennysheep_six_static_rooms, layout_basic, tso_metal_star
D:11:     layout_rooms, erik_lair_island, st_stairs_13, grunt_gozag_statues
D:12:     layout_irregular_city, ebering_ghost_gozag
D:13:     layout_basic, uniq_frances, uniq_snorg
D:14:     layout_roguey, hellmonk_vaults_order_and_chaos, uniq_louise,
          uniq_roxanne
D:15:     gammafunk_depths_entry_grave, layout_loops_cross,
          nemelex_spade_bored_becter, grunt_ministairs_11, grunt_decor_junction,
          elyvilon_altar_3
Temple:   nicolae_temple_bog_church
Lair:1:   dreamdust_labyrinth, layout_long_grid, basic_altar,
          dreamdust_gnoll_shepherd, serial_bayou_shore_b
Lair:2:   nzn_winding_woodlands_stair_trap [nzn_winding_woodlands_5x15_twine,
          nzn_winding_woodlands_5x15_cabin,
          nzn_winding_woodlands_5x15_longhouse,
          nzn_winding_woodlands_15x15_boxy_spiral,
          nzn_winding_woodlands_5x15_eye, nzn_winding_woodlands_5x15_garden,
          nzn_winding_woodlands_5x15_default], layout_regular_city,
          serial_bayou_shore_b
Lair:3:   layout_hall_layers, elwin_shoals_entry_stream, spider_nest_entry_webs,
          beast_lair_carwin_4, lemuel_fruit_fields
Lair:4:   layout_layer_cave, nicolae_slime_entry_field_trip,
          kennysheep_abandoned_house
Lair:5:   evil_forest, layout_misc_corridors
Orc:1:    dreamdust_dug_too_deep, layout_caves, elves_outpost_lemuel
Orc:2:    st_orc_pillars, layout_diamond_mine, serial_shops, shop,
          nicolae_shop_overgrown_old_shop, shop, shop, uniq_rupert, uniq_nessos

Notes
Turn   | Place    | Note
-------+----------+-------------------------------------------
     0 | D:1      | kae the Demonspawn Shapeshifter began the quest for the
                  | Orb.
     0 | D:1      | Reached XP level 1. HP: 15/15 MP: 1/1
     0 | D:1      | magus.rc [v1.11.3]
    60 | D:1      | Reached skill level 3 in Shapeshifting
   101 | D:1      | Gained mutation: Your touch may inflict minor irresistible
                  | damage on your foes. [demonic ancestry]
   101 | D:1      | Reached XP level 2. HP: 21/21 MP: 2/2
   277 | D:1      | Gained mutation: You regenerate magic rapidly. [demonic
                  | ancestry]
   277 | D:1      | Reached XP level 3. HP: 25/26 MP: 3/3
   429 | D:1      | Found a faded altar of an unknown god.
   889 | D:2      | Reached skill level 4 in Shapeshifting
  1025 | D:2      | Identified a +0 crystal plate armour
  1026 | D:2      | a +0 whip; a +0 crystal plate armour {rare}
  1046 | D:2      | Gained mutation: Your touch may inflict irresistible damage
                  | on your foes. [demonic ancestry]
  1046 | D:2      | Reached XP level 4. HP: 19/32 MP: 4/4
  1250 | D:2      | Found Badutt's General Store.
  1274 | D:2      | Bought a scroll of identify for 26 gold pieces
  1814 | D:3      | Reached XP level 5. HP: 37/37 MP: 5/5
  1852 | D:3      | Found a runed translucent gate.
  1853 | D:3      | Found a runed translucent gate.
  1870 | D:3      | Noticed Nebesus's ghost (amateur AtFi)
  2039 | D:3      | Reached skill level 5 in Shapeshifting
  2107 | D:3      | Found a runed translucent gate.
  2353 | D:4      | Noticed Edmund
  2419 | D:4      | HP: 13/55 [frozen (2)]
  2428 | D:4      | HP: 8/37 [gnoll/+0 spear (3)]
  2430 | D:4      | Reached XP level 6. HP: 10/43 MP: 6/6
  2648 | D:4      | Found a runed translucent door.
  2649 | D:4      | Noticed Crazy Yiuf
  2729 | D:4      | Reached skill level 6 in Shapeshifting
  2754 | D:4      | Noticed a water moccasin
  2833 | D:4      | HP: 8/39 [water moccasin (6)]
  2834 | D:4      | HP: 2/39 [water moccasin (5)]
  2836 | D:4      | Killed a water moccasin
  2864 | D:4      | Found a hide-covered altar of Uskayaw.
  2983 | D:4      | Found a bloodstained altar of Trog.
  3473 | D:4      | Reached skill level 2 in Dodging
  3473 | D:4      | Reached skill level 3 in Unarmed Combat
  3473 | D:4      | Gained mutation: You are partially covered in razor-sharp
                  | scales. (AC +1, Slay +1) [demonic ancestry]
  3473 | D:4      | Reached XP level 7. HP: 43/48 MP: 7/7
  3547 | D:5      | Entered Level 5 of the Dungeon
  3580 | D:2      | Bought a scroll of blinking for 97 gold pieces
  3580 | D:2      | Bought a potion of degeneration for 13 gold pieces
  3748 | D:5      | Noticed Blork the orc
  3761 | D:5      | Killed Blork the orc
  3762 | D:5      | Reached skill level 2 in Fighting
  3817 | D:5      | HP: 10/48 [poisoned by a scorpion]
  4061 | D:5      | Reached skill level 3 in Dodging
  4064 | D:5      | Reached skill level 7 in Shapeshifting
  4076 | D:5      | Reached skill level 3 in Fighting
  4076 | D:5      | Gained mutation: You are mostly covered in razor-sharp
                  | scales. (AC +2, Slay +2) [demonic ancestry]
  4076 | D:5      | Reached XP level 8. HP: 29/58 MP: 5/8
  4188 | D:5      | Found a blossoming altar of Fedhas.
  4316 | D:5      | Reached skill level 4 in Unarmed Combat
  4494 | D:6      | Noticed Pikel
  4513 | D:5      | Killed Pikel
  4514 | D:5      | Reached skill level 4 in Fighting
  4514 | D:5      | Reached skill level 4 in Dodging
  4781 | D:6      | HP: 13/61 [gnoll/+2 spear of freezing[a gnoll sergeant]
                  | (5)]
  4955 | D:6      | Reached skill level 5 in Unarmed Combat
  5206 | D:6      | Found a staircase to the Ecumenical Temple.
  5220 | D:6      | Gained mutation: When hurt, damage is shared between your
                  | health and your magic reserves. [demonic ancestry]
  5220 | D:6      | Reached XP level 9. HP: 57/66 MP: 7/9
  5300 | Temple   | Entered the Ecumenical Temple
  5321 | Temple   | Became a worshipper of Qazlal Stormbringer
  5597 | D:6      | Found a hazy altar of Hepliaklqana.
  5639 | D:6      | Found Qosod's General Store.
  5720 | D:6      | Reached skill level 5 in Fighting
  5720 | D:6      | Reached skill level 1 in Evocations
  5802 | D:6      | Found a runed translucent door.
  5803 | D:6      | Noticed avgcrawlenjoyer's ghost (weakling DsDe)
  5841 | D:6      | Found a runed translucent door.
  6120 | D:6      | Bought a scroll of identify for 26 gold pieces
  6315 | D:7      | Reached skill level 5 in Dodging
  6355 | D:7      | Reached skill level 2 in Evocations
  6355 | D:7      | Reached skill level 8 in Shapeshifting
  6513 | D:7      | Found a hide-covered altar of Uskayaw.
  7040 | D:7      | Noticed Jeremiah
  7092 | D:7      | HP: 14/61 [Jeremiah/+3 trident of draining (10)]
  7097 | D:7      | Killed Jeremiah
  7344 | D:7      | Reached skill level 6 in Unarmed Combat
  7503 | D:7      | Reached skill level 3 in Evocations
  7646 | D:7      | Reached * piety under Qazlal
  7651 | D:7      | Reached skill level 6 in Fighting
  7651 | D:7      | Noticed Menkaure
  7665 | D:7      | Killed Menkaure
  7666 | D:7      | Reached XP level 10. HP: 63/76 MP: 7/10
  7782 | D:7      | Found a radiant altar of Vehumet.
  8177 | D:8      | HP: 13/76 [centaur/arrow (9)]
  8266 | D:8      | Found a flagged portal.
  8332 | Bailey   | Entered a bailey
  8412 | Bailey   | Reached skill level 6 in Dodging
  8674 | Bailey   | Reached ** piety under Qazlal
  8717 | Bailey   | Reached skill level 4 in Evocations
  9081 | Bailey   | Noticed an orc knight
  9095 | Bailey   | Killed an orc knight
  9298 | Bailey   | Noticed an orc knight
  9325 | Bailey   | Killed an orc knight
  9354 | Bailey   | Noticed an orc high priest
  9355 | Bailey   | HP: 15/77 [electric eel/bolt of electricity (10)]
  9360 | Bailey   | HP: 7/77 [electric eel/bolt of electricity (9)]
  9362 | Bailey   | Reached skill level 7 in Fighting
  9617 | Bailey   | Acquired a +2 hat of willpower
  9688 | Bailey   | Killed an orc high priest
  9689 | Bailey   | Reached skill level 7 in Unarmed Combat
  9689 | Bailey   | Reached skill level 5 in Evocations
  9722 | Bailey   | Found an iron altar of Okawaru.
  9728 | Bailey   | Noticed a rust devil
  9730 | Bailey   | Reached skill level 9 in Shapeshifting
  9742 | Bailey   | Identified the +2 robe of Noughts and Crosses {rC+ SInv}
  9787 | Bailey   | Acquired 700 gold pieces
  9886 | D:8      | Gained mutation: Your touch may irresistibly damage your
                  | foes and sap their willpower. [demonic ancestry]
  9886 | D:8      | Reached XP level 11. HP: 42/84 MP: 6/11
  9890 | D:8      | HP: 21/84 [orc warrior/+0 glaive (17)]
  9895 | D:8      | HP: 21/84 [something (1)]
  9906 | D:8      | HP: 21/84 [orc/+0 dagger (1)]
 10175 | D:8      | Found a transporter.
 10179 | D:8      | Noticed a two-headed ogre
 10179 | D:8      | Noticed shadizar's ghost (novice DjFE)
 10185 | D:8      | Found a bloodstained altar of Trog.
 10195 | D:8      | Found a transporter.
 10426 | D:9      | Found an ornate altar of the Wu Jian Council.
 10511 | D:9      | Reached skill level 7 in Dodging
 10525 | D:9      | Identified the +1 robe "Luvapasu" {rElec rF+ Dex-2
                  | Archmagi}
 10775 | D:9      | Reached *** piety under Qazlal
 11026 | D:9      | Found a staircase to the Orcish Mines.
 11324 | D:10     | Entered Level 10 of the Dungeon
 11720 | D:10     | Reached skill level 6 in Evocations
 12278 | D:10     | Paralysed by a hornet for 2 turns
 12284 | D:10     | Paralysed by a hornet for 1 turns
 12284 | D:10     | HP: 17/86 [hornet (6)]
 12286 | D:10     | Reached skill level 8 in Fighting
 12908 | D:11     | Reached skill level 8 in Unarmed Combat
 12916 | D:11     | Noticed a soul eater
 13055 | D:11     | HP: 19/87 [ice devil[a kobold demonologist] (18)]
 13283 | D:11     | Noticed a two-headed ogre
 13290 | D:11     | Killed a two-headed ogre
 13307 | D:11     | Reached skill level 8 in Dodging
 13337 | D:11     | Reached **** piety under Qazlal
 13338 | D:11     | Reached XP level 12. HP: 53/94 MP: 7/12
 13467 | D:11     | Reached skill level 7 in Evocations
 13623 | D:11     | Found an opulent altar of Gozag.
 13822 | D:11     | You pick up a book of Geomancy and begin reading...
 13822 | D:11     | You add the spells Sandblast, Passwall, Stone Arrow and
                  | Brom's Barrelling Boulder to your library.
 13907 | D:11     | Found a staircase to the Lair.
 14011 | D:11     | Acquired 903 gold pieces
 14043 | Lair:1   | Entered Level 1 of the Lair of Beasts
 14090 | Lair:1   | Reached skill level 10 in Shapeshifting
 14091 | Lair:1   | Reached skill level 9 in Fighting
 14328 | Lair:1   | Reached skill level 9 in Unarmed Combat
 14331 | Lair:1   | Reached ***** piety under Qazlal
 14520 | Lair:1   | Found a shimmering altar of Xom.
 14538 | Lair:1   | Found a runed translucent door.
 14980 | Lair:2   | Reached skill level 8 in Evocations
 15134 | Lair:2   | You fall into a shaft and drop 2 floors!
 15155 | Lair:4   | HP: 19/96 [cane toad (17)]
 15160 | Lair:4   | Reached skill level 9 in Dodging
 15160 | Lair:4   | HP: 11/96 [poisoned by a cane toad]
 15801 | Lair:4   | Reached XP level 13. HP: 47/103 MP: 9/13
 16098 | Lair:4   | Reached skill level 10 in Fighting
 16454 | Lair:4   | Found a staircase to the Slime Pits.
 17111 | Lair:3   | HP: 23/103 [poisoned by a redback]
 17113 | Lair:3   | HP: 9/103 [poisoned by a redback]
 17528 | Lair:4   | Reached skill level 9 in Evocations
 17554 | Lair:3   | Found a hole to the Spider Nest.
 17740 | Lair:3   | Reached skill level 10 in Unarmed Combat
 17940 | Lair:3   | Reached skill level 11 in Shapeshifting
 18023 | Lair:3   | Found a staircase to the Shoals.
 18036 | Lair:3   | HP: 16/104 [merfolk/+0 trident (15)]
 18587 | Lair:2   | Reached skill level 10 in Dodging
 19103 | Lair:2   | You pick up a book of Conjurations and begin reading...
 19103 | Lair:2   | You add the spells Magic Dart, Searing Ray and Fulminant
                  | Prism to your library.
 19560 | Lair:2   | Reached skill level 11 in Fighting
 19575 | Lair:2   | Gained mutation: A weak demonic guardian rushes to your
                  | aid. [demonic ancestry]
 19575 | Lair:2   | Reached XP level 14. HP: 76/113 MP: 8/14
 19582 | Lair:2   | Identified the staff of Darkness {^Fragile rN+ Int+7 SInv
                  | Necro}
 20232 | Lair:1   | You pick up a book of Flames and begin reading...
 20232 | Lair:1   | You add the spells Inner Flame, Sticky Flame and Flame Wave
                  | to your library.
 20433 | Lair:5   | Entered Level 5 of the Lair of Beasts
 20454 | Lair:5   | Reached skill level 10 in Evocations
 20757 | Lair:5   | Reached skill level 1 in Invocations
 20759 | Lair:5   | HP: 13/113 [komodo dragon (17)]
 21137 | Lair:5   | Reached skill level 2 in Invocations
 21539 | Lair:5   | Reached skill level 3 in Invocations
 21720 | Lair:5   | Reached skill level 11 in Unarmed Combat
 21771 | Lair:5   | HP: 23/106 [ice devil (13)]
 21776 | Lair:5   | HP: 9/101 [barbs]
 21777 | Lair:5   | HP: 4/101 [barbs]
 22125 | Lair:5   | Found a burning altar of Makhleb.
 22133 | Lair:5   | Reached skill level 4 in Invocations
 22245 | Lair:5   | Found a gateway to Hell.
 22645 | Orc:1    | Entered Level 1 of the Orcish Mines
 22833 | Orc:1    | Reached skill level 11 in Dodging
 23140 | Orc:2    | Entered Level 2 of the Orcish Mines
 23140 | Orc:2    | Found a staircase to the Elven Halls.
 23146 | Orc:2    | Noticed Rupert
 23343 | D:12     | Reached skill level 5 in Invocations
 23550 | D:12     | Found a runed translucent gate.
 23550 | D:12     | Found a runed translucent gate.
 23550 | D:12     | Found a runed translucent gate.
 23550 | D:12     | Noticed a tengu reaver
 23551 | D:12     | Found an opulent altar of Gozag.
 23551 | D:12     | Noticed senseless's ghost (journeyman MDFi)
 23667 | D:12     | Reached skill level 12 in Fighting
 23667 | D:12     | Reached skill level 12 in Shapeshifting
 23815 | D:12     | Reached ****** piety under Qazlal
 24195 | D:13     | Reached skill level 6 in Invocations
 24224 | D:13     | Noticed Snorg
 24235 | D:13     | Killed Snorg
 24236 | D:13     | Gained mutation: You are robust. (+10% HP) [demonic
                  | ancestry]
 24236 | D:13     | Reached XP level 15. HP: 105/132 MP: 16/19
 24417 | D:13     | Noticed Frances
 24428 | D:13     | Killed Frances
 24817 | Orc:1    | Killed Rupert
 24873 | Orc:2    | Found Xumnekan's Assorted Antiques.
 24883 | Orc:2    | Found Suosigom's Jewellery Emporium.
 24895 | Orc:2    | Bought a maw talisman for 360 gold pieces
 24959 | Orc:2    | Noticed Nessos
 24962 | Orc:2    | Found Tecicwo's Book Emporium.
 24967 | Orc:2    | Killed Nessos
 25343 | Orc:2    | Found Neotsut's Distillery.
 25393 | Orc:2    | HP: 16/134 [orc knight/+0 great sword (33)]
 25500 | Orc:2    | Reached skill level 7 in Invocations
 25506 | Orc:2    | HP: 13/134 [orc knight/+0 glaive (37)]
 25927 | Orc:2    | HP: 26/134 [orc/+0 hand axe (8)]
 26104 | Orc:2    | Found Icvyjuluvu's Armour Boutique.
 26107 | Orc:2    | Found Miel's Assorted Antiques.
 26108 | Orc:2    | Found Etzataemm's Jewellery Boutique.
 26109 | Orc:2    | Found Ocrodd Tune's Distillery.
 26112 | Orc:2    | Bought a serpent talisman for 420 gold pieces
 26113 | Orc:2    | Bought a scroll labelled SELISOQE EXIRA for 27 gold pieces
 26211 | Orc:1    | Reached skill level 12 in Unarmed Combat
 26580 | Orc:1    | Found a runed translucent door.
 26841 | D:14     | Noticed Roxanne
 26866 | D:14     | Reached skill level 8 in Invocations
 26889 | D:14     | Killed Roxanne
 27094 | D:14     | Found a gate to the Vaults.
 27207 | D:14     | You pick up a book of Ice and begin reading...
 27207 | D:14     | You add the spells Sculpt Simulacrum, Ozocubu's
                  | Refrigeration and Polar Vortex to your library.
 27248 | D:14     | Noticed Louise
 27261 | D:14     | Killed Louise
 27475 | D:15     | Entered Level 15 of the Dungeon
 27582 | D:15     | Reached skill level 12 in Dodging
 27664 | D:15     | Paralysed by an orc sorcerer for 4 turns
 27674 | D:15     | HP: 39/160 [orc knight/+1 long sword of freezing (7)]
 27679 | D:15     | HP: 29/160 [poisoned by an orc sorcerer]
 27817 | D:15     | Reached skill level 13 in Fighting
 27834 | D:15     | Found a sparkling altar of Nemelex Xobeh.
 27933 | D:15     | Reached skill level 13 in Shapeshifting
 28000 | D:15     | Found a staircase to the Depths.
 28019 | D:15     | Reached skill level 9 in Invocations
 28145 | D:15     | HP: 15/162 [titanic slime creature (67)]
 28147 | D:15     | Annihilated by a titanic slime creature

Vanquished Creatures
  Rupert (Orc:1)
  Frances (D:13)
  Roxanne (D:14)
  Louise (D:14)
  A balrug (Orc:1)
  An ironbound preserver (D:14)
  Nessos (Orc:2)
  3 dire elephants (Lair:5)
  A minotaur (Lair:1)
  Snorg (D:13)
  A rakshasa (D:13)
  11 hydras
  A catoblepas (Lair:5)
  3 boulder beetles
  4 centaur warriors
  2 tengu warriors (D:14)
  5 two-headed ogres
  5 orc high priests
  A vampire mage (D:15)
  3 death yaks
  A sun demon (Lair:5)
  A fire crab (Lair:2)
  3 skeletal warriors (D:15)
  A storm dragon zombie (D:15)
  A glowing orange brain (D:14)
  A lindwurm (Lair:3)
  2 arcanists
  Pikel (D:5)
  7 deep elf zephyrmancers
  A necromancer (D:15)
  5 deep elf pyromancers
  3 ugly things (D:15)
  12 orc knights
  3 cyclopes
  A manticore (D:15)
  2 orc sorcerers
  A merfolk siren (Lair:3)
  2 black mambas (Lair:2)
  A kobold blastminer (Orc:2)
  10 elephants
  A smoke demon (Lair:5)
  3 torpor snails
  2 kobold demonologists
  19 cane toads
  2 unseen horrors
  3 rime drakes
  14 komodo dragons
  2 orange demons (Lair:5)
  Jeremiah (D:7)
  An ice devil (Lair:5)
  8 trolls
  A red devil (Lair:5)
  3 merfolk (Lair:3)
  3 hornets
  4 polar bears
  18 blink frogs
  A spriggan zombie (D:15)
  5 dream sheep (Lair:1)
  6 slime creatures (D:13)
  A wraith (D:9)
  4 shadows
  4 wyverns
  A water elemental (D:11)
  38 yaks
  2 vampires
  4 steam dragons
  2 wargs
  4 redbacks (Lair:3)
  6 basilisks
  10 vampire mosquitoes
  Menkaure (D:7)
  6 acid dragons
  5 hell hounds (Lair:5)
  11 water moccasins
  3 sky beasts
  41 orc warriors
  3 ice beasts (D:7)
  2 black bears
  7 ogres
  9 centaurs
  2 laughing skulls (D:15)
  21 wolves
  A lemure (D:5)
  4 phantoms
  6 kobold brigands
  Blork the orc (D:5)
  15 bullfrogs
  A gnoll sergeant (D:6)
  5 scorpions
  9 wights
  9 killer bees
  6 howler monkeys (D:7)
  6 electric eels
  A bombardier beetle (D:4)
  24 orc priests
  11 hounds
  8 jellies
  A gnoll bouda (Lair:1)
  An iguana (D:6)
  2 sleepcaps
  20 orc wizards
  4 hell rats (Lair:4)
  16 gnolls
  2 river rats (Lair:4)
  14 adders
  3 shadow imps
  2 white imps
  2 ufetubi (D:6)
  2 dart slugs
  3 ribbon worms
  75 orcs
  9 bats
  9 endoplasms
  4 giant cockroaches
  12 goblins
  14 hobgoblins
  8 jackals
  4 quokkas
  5 ball pythons
  3 frilled lizards
  33 kobolds
  8 rats
  2 butterflies (Lair:3)
756 creatures vanquished.

Vanquished Creatures (collateral kills)
  An orc high priest (Orc:2)
  An orc knight (D:15)
  A komodo dragon (Lair:5)
  A red devil (Lair:5)
  An orc warrior (Orc:2)
  An orc priest (Orc:2)
  An orc wizard (D:15)
  4 orcs (Orc:2)
11 creatures vanquished.

Vanquished Creatures (others)
  An orc wizard (Orc:1)
1 creature vanquished.

Grand Total: 768 creatures vanquished

Table legend:
 A = Non-vault XP
 B = Vault XP
 C = Vault XP percentage of total XP
 D = Non-vault monster count
 E = Vault monster count
 F = Vault count percentage of total count
                 A         B        C        D         E       F
            +---------+---------+-------+---------+---------+-------
      Total |   81708 |   70696 |  46.4 |     505 |     260 |  34.0
            +---------+---------+-------+---------+---------+-------
        D:1 |      62 |       0 |   0.0 |      23 |       0 |   0.0
        D:2 |      98 |       0 |   0.0 |      22 |       0 |   0.0
        D:3 |      92 |       0 |   0.0 |      16 |       0 |   0.0
        D:4 |     546 |       0 |   0.0 |      24 |       0 |   0.0
        D:5 |     734 |     737 |  50.1 |      19 |       2 |   9.5
        D:6 |    1252 |       0 |   0.0 |      30 |       0 |   0.0
        D:7 |    1929 |     945 |  32.9 |      24 |      11 |  31.4
        D:8 |     986 |      12 |   1.2 |      25 |       4 |  13.8
        D:9 |    1994 |    1892 |  48.7 |      39 |       8 |  17.0
       D:10 |    2218 |    1118 |  33.5 |      19 |       6 |  24.0
       D:11 |    6258 |    1122 |  15.2 |      35 |       9 |  20.5
       D:12 |    5856 |       0 |   0.0 |      14 |       0 |   0.0
       D:13 |    8356 |    2467 |  22.8 |      26 |       2 |   7.1
       D:14 |    5488 |    4371 |  44.3 |       7 |       4 |  36.4
       D:15 |    7414 |    5939 |  44.5 |      16 |      12 |  42.9
     Lair:1 |    4325 |    2302 |  34.7 |      20 |       7 |  25.9
     Lair:2 |    2253 |   10312 |  82.1 |       6 |      24 |  80.0
     Lair:3 |    7632 |    2929 |  27.7 |      25 |      14 |  35.9
     Lair:4 |   10854 |    1639 |  13.1 |      37 |      20 |  35.1
     Lair:5 |    7742 |   10580 |  57.7 |      24 |      25 |  51.0
      Orc:1 |    2100 |    7194 |  77.4 |      23 |       9 |  28.1
      Orc:2 |    3519 |   13192 |  78.9 |      31 |      64 |  67.4
     Bailey |       0 |    3945 | 100.0 |       0 |      39 | 100.0
            +---------+---------+-------+---------+---------+-------

Skill      XL: |  1  2  3  4  5  6  7  8  9 10 11 12 13 14 15 |
---------------+----------------------------------------------+-----
Shapeshifting  | 3 4 5 6 7 8 9 10 11 12 13 | 13.1
Dodging        | 2 3 4 5 6 8 9 10 11 12 | 12.0
Unarmed Combat | 3 5 6 7 8 9 10 11 12 | 12.4
Fighting       | 3 4 6 7 8 9 11 12 13 | 13.0
Evocations     | 3 5 6 8 9 10 | 10.0
Invocations    | 6 9 |  9.1

Action                     |  1- 3 |  4- 6 |  7- 9 | 10-12 | 13-15 || total
---------------------------+-------+-------+-------+-------+-------++-------
  Melee: Unarmed           |    76 |   161 |   254 |   762 |  1105 ||  2358
         Punch             |     2 |     3 |       |       |    11 ||    16
         Touch             |    12 |    25 |    73 |   175 |   233 ||   518
         Maw               |       |       |       |       |    62 ||    62
         Constrict         |       |       |       |       |    40 ||    40
 Invoke: Upheaval          |       |       |       |     4 |     4 ||     8
         Elemental Force   |       |       |       |       |     3 ||     3
         Disaster Area     |       |       |       |       |     2 ||     2
  Evoke: Wand              |       |       |     3 |     6 |     1 ||    10
    Use: Scroll            |       |     7 |     8 |     8 |    10 ||    33
         Potion            |       |     4 |     2 |     5 |     4 ||    15
   Stab: Sleeping          |     3 |     4 |       |       |       ||     7
         Invisible         |       |     7 |       |       |       ||     7
         Distracted        |       |       |       |       |     2 ||     2
 Armour: Animal skin       |    45 |    41 |       |       |       ||    86
         Skin              |       |   103 |   109 |   267 |   490 ||   969
  Dodge: Dodged            |    59 |    88 |   171 |   638 |  1066 ||  2022
         Repelled          |       |       |       |     1 |     8 ||     9
  Block: Other             |       |       |       |   118 |   305 ||   423
   Form: Flux              |       |     1 |       |       |       ||     1
         Serpent           |       |       |       |       |     1 ||     1
         Maw               |       |       |       |       |     1 ||     1

Illustrated notes

Table legend:
 A = Kills in this place as a percentage of kills in the entire game.
 B = Kills by you in this place as a percentage of kills by you in the entire game.
 C = Kills by friends in this place as a percentage of kills by friends in the entire game.
 D = Other kills in this place as a percentage of other kills in the entire game.
 E = Experience gained in this place as a percentage of experience gained in the entire game.
 F = Experience gained in this place divided by the number of levels of this place that you have seen.
                   A       B       C       D       E      F
               +-------+-------+-------+-------+-------+----------------------
         Total | 100.0 | 100.0 | 100.0 | 100.0 | 100.0 | 6350.2
       Dungeon |  51.9 |  52.5 |  18.2 |   0.0 |  40.6 | 4125.7
          Lair |  26.4 |  26.6 |  18.2 |   0.0 |  39.7 | 12113.6
  Orcish Mines |  16.6 |  15.8 |  63.6 | 100.0 |  17.1 | 13002.5
        Bailey |   5.1 |   5.2 |   0.0 |   0.0 |   2.6 | 3945.0
               +-------+-------+-------+-------+-------+----------------------

Table legend: (Time is in decaauts)
 A = Elapsed time spent in this place.
 B = Non-inter-level travel time spent in this place.
 C = Inter-level travel time spent in this place.
 D = Time resting spent in this place.
 E = Time spent auto-exploring this place.
 F = Levels seen in this place.
 G = Mean time per level.
                   A        B        C        D        E       F      G
               +--------+--------+--------+--------+--------+-----+--------+
         Total |  27845 |  26107 |   1738 |   3541 |  17710 |  24 | 1160.2 |
       Dungeon |  15629 |  14465 |   1164 |   1662 |  10173 |  15 | 1041.9 |
        Temple |     31 |     12 |     19 |      0 |     11 |   1 |   31.0 |
          Lair |   8443 |   8071 |    372 |   1096 |   5906 |   5 | 1688.6 |
  Orcish Mines |   2289 |   2106 |    183 |    135 |   1434 |   2 | 1144.5 |
        Bailey |   1451 |   1451 |      0 |    648 |    184 |   1 | 1451.0 |
               +--------+--------+--------+--------+--------+-----+--------+

Top non-repeatable levels by time:
  Lair:4: 2753 daAuts
     D:7: 2030 daAuts
    D:10: 1907 daAuts
  Lair:2: 1671 daAuts
  Lair:5: 1573 daAuts
     D:6: 1452 daAuts
  Bailey: 1451 daAuts
  Lair:1: 1308 daAuts
   Orc:2: 1254 daAuts
     D:9: 1192 daAuts
     D:5: 1180 daAuts
  Lair:3: 1137 daAuts
     D:4: 1133 daAuts
   Orc:1: 1034 daAuts
     D:3: 930 daAuts
